 Dungeon Crawl Stone Soup version 0.17-a0-1831-gaadb308 (webtiles) character file.

6461 kurshu the Severer (level 10, -2/75 (77) HPs)
             Began as a Minotaur Fighter on Sept 14, 2015.
             Was a Priest of Trog.
             Slain by a komodo dragon (17 damage)
             ... on level 10 of the Dungeon.
             The game lasted 00:16:00 (7954 turns).

kurshu the Severer (Minotaur Fighter)               Turns: 7954, Time: 00:16:00

HP:   -2/75 (77)    AC: 10    Str: 26    XL:     10   Next: 68%
MP:   9/9           EV: 10    Int:  6    God:    Trog [***...]
Gold: 440           SH:  0    Dex: 12    Spells: 0 memorised, 9 levels left

rFire  . . .     SeeInvis .     U - +0 battleaxe (curse)
rCold  . . .     Clarity  .     b - +0 scale mail
rNeg   . . .     SustAt   +     (no shield)
rPois  .         Gourm    .     (helmet restricted)
rElec  .         Spirit   .     A - +2 cloak
rCorr  .         Warding  .     (no gloves)
rMut   .         Stasis   .     (no boots)
MR     ++...                    (no amulet)
Stlth  ..........               (no ring)
                                i - ring of sustain attributes

@: mighty, regenerating, very resistant to hostile enchantments, extremely
unstealthy
A: retaliatory headbutt, horns 2
a: Burn Spellbooks, Berserk, Trog's Hand, Renounce Religion


You were on level 10 of the Dungeon.
You worshipped Trog.
Trog was most pleased with you.
You were hungry.

You visited 1 branch of the dungeon, and saw 10 of its levels.

You collected 440 gold pieces.

Inventory:

Hand weapons
 a - a +0 war axe
 n - a +1 hand axe of flaming
 U - a cursed +0 battleaxe (weapon)
Armour
 b - a +0 scale mail (worn)
 A - a +2 cloak (worn)
Jewellery
 i - a ring of sustain attributes (left hand)
 x - an uncursed ring of magical power
 M - an uncursed ring of magical power
 V - an uncursed ring of invisibility
Magical devices
 t - a wand of draining (0)
 G - a wand of confusion (16)
 T - a wand of lightning (8)
Scrolls
 c - 3 scrolls of remove curse
 h - 3 scrolls of recharging
 j - a scroll of fear
 l - a scroll of fog
 q - 3 scrolls of teleportation {unknown}
 w - a scroll of enchant armour {unknown}
 y - 2 scrolls of magic mapping {unknown}
 B - a scroll of identify
 F - a scroll of immolation {unknown}
 H - 4 scrolls of enchant weapon {unknown}
 L - a scroll of blinking {unknown}
 P - 2 scrolls of amnesia {unknown}
 Q - a scroll of holy word {unknown}
Potions
 g - 2 potions of invisibility {unknown}
 k - 3 potions of heal wounds {unknown}
 m - 6 potions of curing {unknown}
 s - a potion of berserk rage {unknown}
 u - 3 potions of poison {unknown}
 v - a potion of resistance {unknown}
 C - a potion of degeneration {unknown}
 E - a potion of ambrosia {unknown}
 K - 2 potions of brilliance {unknown}
 N - a potion of cancellation {unknown}
 S - a potion of flight {unknown}
Books
 o - a book of Conjurations

   Spells                             Type                      Level
   a - Magic Dart                     Conjuration                  1
   b - Searing Ray                    Conjuration                  2
   c - Dazzling Spray                 Conjuration/Hexes            3
   d - Fulminant Prism                Conjuration/Hexes            4
   e - Iskenderun's Mystic Blast      Conjuration                  4
   f - Iskenderun's Battlesphere      Conjuration/Charms           5
   Trog disapproves of the use of such an item.
 r - a book of Alchemy

   Spells                             Type                      Level
   a - Sublimation of Blood           Necromancy                   2
   b - Ignite Poison                  Fire/Transmutation/Poison    3
   c - Alistair's Intoxication        Transmutation/Poison         4
   d - Condensation Shield            Ice                          4
   e - Petrify                        Transmutation/Earth          4
   f - Irradiate                      Conjuration/Transmutation    5
   Trog disapproves of the use of such an item.
 z - a book of Power

   Spells                             Type                      Level
   a - Fulminant Prism                Conjuration/Hexes            4
   b - Iskenderun's Mystic Blast      Conjuration                  4
   c - Venom Bolt                     Conjuration/Poison           5
   d - Bolt of Magma                  Conjuration/Fire/Earth       5
   e - Iron Shot                      Conjuration/Earth            6
   f - Orb of Destruction             Conjuration                  7
   g - Spellforged Servitor           Conjuration/Summoning        7
   Trog disapproves of the use of such an item.
 D - a book of Maledictions

   Spells                             Type                      Level
   a - Corona                         Hexes                        1
   b - Ensorcelled Hibernation        Hexes/Ice                    2
   c - Confuse                        Hexes                        3
   d - Tukima's Dance                 Hexes                        3
   e - Dazzling Spray                 Conjuration/Hexes            3
   Trog disapproves of the use of such an item.
 R - a book of Unlife

   Spells                             Type                      Level
   a - Recall                         Summoning/Translocation      3
   b - Animate Dead                   Necromancy                   4
   c - Control Undead                 Necromancy                   4
   d - Cigotuvi's Embrace             Necromancy                   5
   e - Death Channel                  Necromancy                   6
   f - Simulacrum                     Ice/Necromancy               6
   Trog disapproves of the use of such an item.
Comestibles
 e - 8 bread rations
 f - 3 fruits
 p - 5 meat rations
 I - a royal jelly
 J - a slice of pizza
 O - 7 beef jerkies
 W - 2 chunks of flesh


   Skills:
 - Level 3.6 Fighting
 + Level 17.9 Axes
 - Level 3.6 Armour
   Level 3.6 Shields


You had 9 spell levels left.
You didn't know any spells.

Dungeon Overview and Level Annotations

Branches:
Dungeon (10/15)            Temple (0/1) D:6            Lair (0/8) D:10
    Orc: D:9-12

Altars:
Ashenzari
Cheibriados
Dithmenos
Makhleb
Nemelex Xobeh
Sif Muna
Trog
Xom

Shops:
D:5 [   D:7 [


Innate Abilities, Weirdness & Mutations

You reflexively headbutt those who attack you in melee.
You have a pair of horns on your head.


Message History

The hill giant hits you with a giant club!!
* * * LOW HITPOINT WARNING * * *
You slice the hill giant!!
The hill giant is severely wounded.
The hill giant hits you with a giant club!
* * * LOW HITPOINT WARNING * * *
You slash the hill giant!
You headbutt the hill giant, but do no damage.
The hill giant is almost dead.
You slash the hill giant!
You kill the hill giant!
Trog accepts your kill.
The yak snorts and paws the ground.
The komodo dragon hisses menacingly.
Drink which item? (? for menu, Esc to quit)
You feel very mighty all of a sudden. The komodo dragon barely misses you.
You slice the komodo dragon!! Your headbutt misses the komodo dragon.
The komodo dragon is heavily wounded.
The komodo dragon bites you!
You die...

..... .... #..# ...# #..#
#...# .........#.Y#
#.[.###+#. #....... #..#
#......... #......###..#
#.........
#......#...Y#####.........
#......#...lYl@...........
#......#.#######..........
#......#.# #..........
#......#.# #.#'######
#......#.# #.#......#
#......'.# #.#......#
#......#.# #.#......#
###......#.## #.###+####
.......###..# #........


You could see a komodo dragon, 2 yaks and an iguana.

Vanquished Creatures
  A hill giant (D:10)
  The ghost of PeterLawrence the Basher, an experienced MiFi of Okawaru (D:6)
  A troll (D:9)
  A komodo dragon (D:10)
  Prince Ribbit (D:6)
  Sigmund (D:2)
  A hungry ghost (D:7)
  Duvessa (D:4)
  2 sky beasts
  2 orc warriors
  3 black bears
  4 ogres
  A phantom (D:8)
  5 centaurs
  A crocodile (D:10)
  A necrophage (D:9)
  5 giant frogs
  Dowan (D:4)
  2 scorpions
  5 killer bees (D:7)
  3 wights (D:8)
  A wasp zombie (D:7)
  4 centaur zombies
  10 hounds
  A jelly (D:5)
  A quasit (D:6)
  9 crimson imps
  Crazy Yiuf (D:6)
  4 orc priests
  A centaur skeleton (D:7)
  Jessica (D:2)
  2 giant frog skeletons
  8 orc wizards
  2 iguanas
  5 worker ants
  A hound skeleton (D:7)
  14 adders
  10 gnolls
  A river rat (D:6)
  An ooze (D:1)
  3 adder skeletons
  2 worms
  5 giant geckos
  30 orcs
  2 ball pythons (D:6)
  5 bats
  5 goblins
  10 hobgoblins
  9 jackals
  6 kobolds
  7 quokkas
  2 giant cockroaches
  A quokka skeleton (D:8)
  8 rats
215 creatures vanquished.

Notes
Turn   | Place    | Note
--------------------------------------------------------------
     0 | D:1      | kurshu the Minotaur Fighter began the quest for the Orb.
     0 | D:1      | Reached XP level 1. HP: 19/19 MP: 0/0
    96 | D:1      | Reached XP level 2. HP: 23/26 MP: 1/1
   671 | D:2      | Noticed Sigmund
   680 | D:2      | Killed Sigmund
   680 | D:2      | Reached skill level 6 in Axes
   680 | D:2      | Reached XP level 3. HP: 17/31 MP: 2/2
   680 | D:2      | Reached XP level 4. HP: 21/39 MP: 3/3
   680 | D:2      | Reached XP level 5. HP: 24/45 MP: 4/4
   914 | D:2      | Found a snail-covered altar of Cheibriados.
   952 | D:2      | Noticed Jessica
   955 | D:2      | Killed Jessica
   955 | D:2      | Reached skill level 7 in Axes
  1503 | D:3      | Reached XP level 6. HP: 44/51 MP: 5/5
  1633 | D:3      | Found a shimmering altar of Xom.
  1642 | D:3      | Reached skill level 8 in Axes
  1715 | D:3      | Found a shadowy altar of Dithmenos.
  1985 | D:3      | Reached skill level 9 in Axes
  2012 | D:3      | Found a bloodstained altar of Trog.
  2019 | D:3      | Became a worshipper of Trog the Wrathful
  2304 | D:4      | Reached XP level 7. HP: 41/57 MP: 6/6
  2672 | D:4      | Reached skill level 10 in Axes
  2867 | D:4      | Acquired Trog's first power
  3131 | D:4      | Noticed Dowan
  3132 | D:4      | Noticed Duvessa
  3147 | D:4      | Killed Duvessa
  3154 | D:4      | Killed Dowan
  3154 | D:4      | Reached skill level 11 in Axes
  3191 | D:4      | Reached XP level 8. HP: 30/64 MP: 7/7
  3565 | D:5      | Entered Level 5 of the Dungeon
  3952 | D:5      | Reached skill level 12 in Axes
  4118 | D:5      | Found Guaf's Armour Shop.
  4139 | D:5      | Found a shattered altar of Ashenzari.
  4263 | D:6      | Found a staircase to the Ecumenical Temple.
  4356 | D:6      | Noticed PeterLawrence's ghost (experienced MiFi)
  4367 | D:6      | Killed PeterLawrence's ghost
  4367 | D:6      | Reached skill level 13 in Axes
  4367 | D:6      | Reached XP level 9. HP: 57/70 MP: 8/8
  4625 | D:6      | Noticed Crazy Yiuf
  4629 | D:6      | Killed Crazy Yiuf
  4727 | D:6      | Found a glowing drain.
  4997 | D:6      | Noticed Prince Ribbit
  5022 | D:6      | Killed Prince Ribbit
  5022 | D:6      | Reached skill level 14 in Axes
  5172 | D:7      | Acquired Trog's second power
  5569 | D:7      | Reached skill level 15 in Axes
  5575 | D:7      | Found a burning altar of Makhleb.
  5575 | D:7      | Noticed a blizzard demon
  5578 | D:7      | Noticed a hellwing
  5578 | D:7      | Noticed a smoke demon
  5629 | D:7      | Found Neje's Armour Shoppe.
  5991 | D:7      | Found a sparkling altar of Nemelex Xobeh.
  5991 | D:7      | Found a deep blue altar of Sif Muna.
  6040 | D:7      | Found a shattered altar of Ashenzari.
  6251 | D:8      | Reached skill level 16 in Axes
  6397 | D:8      | Reached XP level 10. HP: 52/77 MP: 9/9
  7513 | D:9      | Reached skill level 17 in Axes
  7776 | D:10     | Entered Level 10 of the Dungeon
  7928 | D:10     | Noticed a hill giant
  7931 | D:10     | Found a staircase to the Lair.
  7952 | D:10     | Killed a hill giant
  7954 | D:10     | Slain by a komodo dragon

Vault maps used:
D:1:      dpeg_arrival_erosion
D:2:      cheibriados_altar_1, first_bread, small_statue_intersection,
          uniq_sigmund, uniq_jessica
D:3:      bloody_trog, nicolae_overflow_hidden_temple, led_xom_imps
D:4:      uniq_duvessa
D:5:      overflow_temple_1_default, serial_shops, kennysheep_little_box
D:6:      minmay_temple_entry_statues_fountains, portal_sewer_entry_a,
          minmay_misc_feat_rows, uniq_prince_ribbit1, uniq_crazy_yiuf_cottage
D:7:      kennysheep_six_static_rooms, makhleb_altar_promises_db,
          gammafunk_temple_overflow_wave, serial_shops, shop, grunt_ogre_cave,
          cheibrodos_ashenzari_chains
D:8:      minmay_crystal_water
D:10:     dpeg_lair_monsters

Action                   |  1- 3 |  4- 6 |  7- 9 | 10-12 || total
-------------------------+-------+-------+-------+-------++-------
Melee: War axe           |    33 |   109 |   367 |    69 ||   578
       Battleaxe         |       |       |       |    75 ||    75
Invok: Berserk           |       |       |     3 |       ||     3
       Trog's Hand       |       |       |       |     2 ||     2
Evoke: Wand              |       |       |     2 |       ||     2
  Use: Scroll            |       |       |     8 |     1 ||     9
       Potion            |       |       |       |     1 ||     1
  Eat: Chunk             |       |     4 |    15 |     5 ||    24
       Fruit             |       |       |     3 |       ||     3
       Pizza             |       |       |     1 |       ||     1
